 Dungeon Crawl Stone Soup version 0.28-a0-793-g31680bbd8b (webtiles) character file.

Game seed: 16513752448460942920

653 bande the Chopper (level 7, -2/44 HPs)
             Began as a Gargoyle Fighter on Nov 5, 2021.
             Slain by a troll (12 damage)
             ... on level 5 of the Dungeon.
             The game lasted 00:08:16 (5582 turns).

bande the Chopper (Gargoyle Fighter)                Turns: 5582, Time: 00:08:17

Health: -2/44      AC: 16    Str: 20    XL:     7   Next: 54%
Magic:  7/7        EV:  9    Int:  9    God:
Gold:   123        SH:  5    Dex: 10    Spells: 6/6 levels left

rFire   . . .      SeeInvis .   a - +1 war axe
rCold   + . .      Faith    .   c - +1 buckler
rNeg    + . .      Spirit   .   g - +4 scale mail {rC+}
rPois   ∞          Reflect  .   (no helmet)
rElec   +          Harm     .   (no cloak)
rCorr   .          Rampage  .   (no gloves)
Will    .....                   (no boots)
Stlth   ..........              (no amulet)
HPRegen 0.14/turn               (no ring)
MPRegen 0.10/turn               (no ring)

@: studying Polearms
A: sickness immunity, AC +4, negative energy resistance 1, electricity
resistance, torment resistance 1, petrification resistance
a: no special abilities


You were on level 5 of the Dungeon.
You visited 1 branch of the dungeon, and saw 5 of its levels.

You collected 123 gold pieces.

Inventory:

Hand Weapons
 a - a +1 war axe (weapon)
 f - a +3 flail of draining
Missiles
 o - a throwing net (quivered)
Armour
 c - a +1 buckler (worn)
 g - a +4 scale mail of cold resistance (worn)
Jewellery
 l - an amulet of regeneration
 p - a ring of fire
Scrolls
 h - 3 scrolls of identify
 i - a scroll of enchant armour
Potions
 b - 2 potions of magic
 d - 2 potions of might
 e - a potion of invisibility
 j - a potion of curing
 k - a potion of heal wounds
 m - a potion of lignification {unknown}
 n - a potion of brilliance {unknown}


   Skills:
 + Level 4.7 Fighting
 + Level 5.3 Axes
 + Level 5.2 Armour
 + Level 4.4 Shields


You had 6 spell levels left.
You didn't know any spells.
Your spell library contained the following spells:

 Spells                   Type           Power      Damage    Failure   Level
 Ignite Poison            Fire/Tmut/Pois 0%         N/A       97%         3
 Mephitic Cloud           Conj/Pois/Air  0%         N/A       97%         3
 Freezing Cloud           Conj/Ice/Air   0%         6-21      100%        5


Dungeon Overview and Level Annotations

Branches:
Dungeon (5/15)
 Temple: D:4-7

Altars:
Fedhas


Innate Abilities, Weirdness & Mutations

You are immune to sickness and miasma.
Your stone body is resilient. (AC +4)
You are immune to poison.
You resist negative energy. (rN+)
You are resistant to electric shocks. (rElec)
You are resistant to unholy torment.
You are immune to petrification.


Message History

a +0 spear; a +0 ring mail
Found 6 poisoned darts.
You see here a +0 whip.
Found an escape hatch in the floor.
You now have 119 gold pieces (gained 7).
You see here 6 poisoned darts.
You now have 123 gold pieces (gained 4).
Found a stone staircase leading up.
Found a stone staircase leading down.
A troll comes into view.
A troll is nearby!
The troll barely misses you. The troll closely misses you.
The troll claws you but does no damage.
There is a stone staircase leading down here.
You slash the troll!
The troll is moderately wounded.
The troll bites you but does no damage.
The troll claws you but does no damage. x2
You hit the troll.
The troll is moderately wounded.
The troll barely misses you.
The troll claws you but does no damage. x2
The troll bites you! The troll claws you but does no damage.
The troll completely misses you.
You barely miss the troll.
The troll is moderately wounded.
The troll bites you but does no damage. You block the troll's attack.
The troll closely misses you.
You closely miss the troll.
The troll is lightly wounded.
The troll closely misses you. The troll claws you but does no damage.
The troll claws you!
You barely miss the troll.
The troll is lightly wounded.
The troll bites you but does no damage. The troll claws you.
The troll claws you but does no damage.
You slash the troll!
The troll is heavily wounded.
The troll bites you. The troll claws you. The troll claws you!
* * * LOW HITPOINT WARNING * * *
The troll bites you!
You die...

#. #. #.. #. #.#
#. #.# #. #.# #.##
#.# #.T# #.# #@#
#.###### #.#
.......# #.#
#(####.# #.#
#.####.# #.#
....##.#### #.#
....>.....######.#
....#.>..........#
....#..##.########


You could see a troll.

Vanquished Creatures
  A gnoll sergeant (D:5)
  A howler monkey (D:4)
  A jelly (D:4)
  An orc priest (D:4)
  4 orc wizards (D:4)
  Terence (D:2)
  Natasha (thrice) (D:2)
  2 iguanas (D:4)
  A killer bee zombie (D:4)
  2 hound skeletons (D:4)
  5 adders
  8 gnolls
  An adder skeleton (D:4)
  A worm (D:2)
  A dart slug (D:2)
  9 orcs
  9 ball pythons
  A bat (D:3)
  3 endoplasms
  3 giant cockroaches
  4 goblins
  5 hobgoblins
  8 kobolds
  5 quokkas
  2 frilled lizards (D:3)
  A quokka skeleton (D:4)
  3 rats
86 creatures vanquished.

Notes
Turn   | Place    | Note
-------+----------+-------------------------------------------
     0 | D:1      | bande the Gargoyle Fighter began the quest for the Orb.
     0 | D:1      | Reached XP level 1. HP: 14/14 MP: 1/1
   688 | D:1      | Reached XP level 2. HP: 16/19 MP: 2/2
   937 | D:2      | Noticed Terence
   967 | D:2      | Killed Terence
   968 | D:2      | Reached XP level 3. HP: 6/23 MP: 3/3
  1611 | D:2      | Reached XP level 4. HP: 29/29 MP: 4/4
  1626 | D:2      | Noticed Natasha
  1632 | D:2      | Killed Natasha
  1895 | D:2      | Noticed Natasha
  1902 | D:2      | Killed Natasha
  1903 | D:2      | Reached XP level 5. HP: 33/33 MP: 5/5
  1921 | D:2      | Noticed Natasha
  1931 | D:2      | Killed Natasha
  2420 | D:3      | Found a blossoming altar of Fedhas.
  2660 | D:3      | HP: 1/33 [gnoll (13)]
  3341 | D:4      | Reached XP level 6. HP: 27/38 MP: 6/6
  4206 | D:4      | Reached XP level 7. HP: 41/44 MP: 7/7
  5050 | D:4      | Identified the +4 leather armour of the Thirsty Nights
                  | {+Inv rC+ Str+3}
  5143 | D:5      | Entered Level 5 of the Dungeon
  5154 | D:4      | Reached skill level 5 in Armour
  5205 | D:4      | Reached skill level 5 in Axes
  5573 | D:5      | Noticed a troll
  5582 | D:5      | Slain by a troll

Illustrated notes

Levels and vault maps discovered:
D:1:      dpeg_arrival_oval, layout_basic, minmay_door_square
D:2:      layout_basic, minmay_misc_feat_nine_boxes, chequers_garden,
          uniq_natasha, uniq_terence
D:3:      layout_loops_ring, mainiacjoe_overflow_alcove_1
D:4:      layout_cave_pods, serial_column_ruins, column_ruins_hut,
          column_ruins_circle_small, column_ruins_corridor_straight,
          column_ruins_open_small, column_ruins_grid_1, column_ruins_grid_3,
          column_ruins_grid_1, column_ruins_open_medium,
          chequers_serial_rivers_small_b, minmay_manual_mail
D:5:      layout_loops_ring, nemelex_dance_club_becter,
          kennysheep_orc_sif_temple, minmay_temple_entry_glass

Skill      XL: |  1  2  3  4  5  6  7 |
---------------+----------------------+-----
Axes           | 2 3 4 5 |  5.3
Armour         | 4 5 |  5.2
Fighting       | 4 |  4.7
Shields        | 4 |  4.4

Action                   |  1- 3 |  4- 6 |  7- 9 || total
-------------------------+-------+-------+-------++-------
Melee: War axe           |    74 |   165 |    66 ||   305
  Use: Scroll            |     4 |     4 |       ||     8
       Potion            |     1 |     1 |       ||     2
Armor: Scale mail        |    28 |   106 |    77 ||   211
Dodge: Dodged            |    36 |    79 |    24 ||   139
Block: Buckler           |    22 |    52 |    23 ||    97

Table legend: (Time is in decaauts)
 A = Elapsed time spent in this place.
 B = Non-inter-level travel time spent in this place.
 C = Inter-level travel time spent in this place.
 D = Time resting spent in this place.
 E = Time spent auto-exploring this place.
 F = Levels seen in this place.
 G = Mean time per level.
                   A        B        C        D        E       F      G
               +--------+--------+--------+--------+--------+-----+--------+
         Total |   5699 |   5641 |     58 |   1400 |   3081 |   5 | 1139.8 |
       Dungeon |   5699 |   5641 |     58 |   1400 |   3081 |   5 | 1139.8 |
               +--------+--------+--------+--------+--------+-----+--------+

Top non-repeatable levels by time:
     D:4: 2193 daAuts
     D:2: 1230 daAuts
     D:3: 1191 daAuts
     D:1: 937 daAuts
     D:5: 146 daAuts
